 Dungeon Crawl Stone Soup version 0.24-a0-48-g0ecae65 (webtiles) character file.

Game seed: 4830801612001546329

91 Shanghai the Caller (level 4, 0/25 HPs)
             Began as a Tengu Summoner on Feb 3, 2019.
             Succumbed to an adder's poison
             ... on level 3 of the Dungeon.
             The game lasted 00:05:53 (3103 turns).

Shanghai the Caller (Tengu Summoner)                Turns: 3103, Time: 00:05:54

Health: 0/25       AC:  2    Str:  8 (9)  XL:     4   Next: 57%
Magic:  4/8        EV: 12    Int: 13 (15) God:
Gold:   88         SH:  0    Dex: 12 (15) Spells: 1/7 levels left

rFire    . . .     SeeInvis .   e - +0 hand axe
rCold    . . .     Gourm    .   (no shield)
rNeg     . . .     Faith    .   a - +0 robe
rPois    .         Spirit   .   (helmet restricted)
rElec    .         Reflect  .   (no cloak)
rCorr    .         Harm     .   (no gloves)
MR       .....                  (boots unavailable)
Stlth    +++.......             (no amulet)
HPRegen  0.08/turn              i - ring of stealth
MPRegen  0.11/turn              (no ring)

@: lethally poisoned (0 -> -15)
A: beak, talons 3
a: no special abilities


You were on level 3 of the Dungeon.
You were not hungry.

You visited 1 branch of the dungeon, and saw 3 of its levels.

You collected 88 gold pieces.

Inventory:

Hand Weapons
 e - a +0 hand axe (weapon)
 m - a +0 short sword
Missiles
 h - 4 tomahawks (quivered)
 j - 56 stones
Armour
 a - a +0 robe (worn)
Jewellery
 i - a ring of stealth (left hand)
Wands
 r - a wand of enslavement (6)
Scrolls
 d - a scroll of enchant armour {unknown}
 f - 5 scrolls of remove curse {unknown}
 g - a scroll of random uselessness {unknown}
 l - a scroll of teleportation {unknown}
 o - 3 scrolls of identify {unknown}
 q - a scroll of blinking {unknown}
 t - a scroll of noise {unknown}
 u - a scroll of enchant weapon {unknown}
Potions
 k - a potion of mutation {unknown}
 n - a potion of lignification {unknown}
 p - a potion of brilliance {unknown}
 s - a potion of curing {unknown}
Comestibles
 c - 7 rations


   Skills:
 + Level 1.0 Fighting
 + Level 2.7 Axes
 - Level 2.2 Dodging
 - Level 2.0 Stealth
 + Level 2.2 Spellcasting
 + Level 5.8 Summonings


You had one spell level left.
You knew the following spells:

 Your Spells              Type           Power        Failure   Level  Hunger
a - Summon Small Mammal   Summ           ###.         2%          1    ##.....
b - Call Imp              Summ           ###.....     3%          2    ###....
c - Call Canine Familiar  Summ           ###.....     7%          3    ####...

Your spell library contained the following spells:

 Spells                   Type           Power        Failure   Level  Hunger
 Summon Guardian Golem    Hex/Summ       #.......     22%         3    ####...
 Summon Ice Beast         Ice/Summ       #.......     58%         4    #####..
 Summon Lightning Spire   Summ/Air       #.......     58%         4    #####..


Dungeon Overview and Level Annotations

Branches:
Dungeon (3/15)

Altars:
Wu Jian


Innate Abilities, Weirdness & Mutations

You have a beak for a mouth.
You have claws for feet.


Message History

The adder is severely wounded.
You feel sick.
Your crimson imp dies!
The adder bites you.
You are more poisoned.
The adder poisons you! The adder bites you but does no damage.
Casting: Call Imp (safe; 3% risk of failure)
Confirm with . or Enter, or press ? or * to list all spells.
* * * LOW HITPOINT WARNING * * *
You feel sick. The adder bites you.
* * * LOW HITPOINT WARNING * * *
You swap places.
* * * LOW HITPOINT WARNING * * *
You feel sick. The adder closely misses your hound.
Your hound bites the adder.
The adder dies!
Unknown command.
It was a potion of degeneration.
There was something very wrong with that liquid.
You feel weakened.
You feel dopey.
You feel clumsy.
You die...

.....................#.#
#.
########............##.#
#. #####.#########.# #.
#.# ###.# #. #.# ##.#.#
#> #.######....######.
#...........>......
#############............
......†h@................
#############.......#####
###...### #...# #####


You could see a friendly hound.

Vanquished Creatures
  An adder (D:3)
  A worm (D:2)
  A dart slug (D:2)
  A leopard gecko (D:2)
  7 bats
  5 giant cockroaches
  9 goblins
  3 hobgoblins
  2 jackals (D:1)
  A ball python (D:2)
  2 frilled lizards (D:1)
  6 kobolds
  8 rats
47 creatures vanquished.

Vanquished Creatures (collateral kills)
  Jessica (D:2)
  2 adders
  A bat (D:1)
  A giant cockroach (D:1)
  A goblin (D:1)
  A jackal (D:1)
  3 kobolds
  2 rats (D:1)
12 creatures vanquished.

Grand Total: 59 creatures vanquished

Notes
Turn   | Place    | Note
-------+----------+-------------------------------------------
     0 | D:1      | Shanghai the Tengu Summoner began the quest for the Orb.
     0 | D:1      | Reached XP level 1. HP: 10/10 MP: 4/4
    33 | D:1      | Reached skill level 5 in Summonings
    68 | D:1      | Reached XP level 2. HP: 7/15 MP: 3/6
   673 | D:1      | Learned a level 2 spell: Call Imp
  1079 | D:1      | Reached skill level 1 in Axes
  1097 | D:1      | Reached XP level 3. HP: 16/19 MP: 5/7
  1454 | D:1      | Learned a level 3 spell: Call Canine Familiar
  1673 | D:2      | Noticed Jessica
  1685 | D:2      | Killed Jessica
  2144 | D:2      | Reached XP level 4. HP: 17/24 MP: 5/8
  2803 | D:2      | Found an ornate altar of the Wu Jian Council.
  3033 | D:3      | Reached skill level 1 in Fighting
  3102 | D:3      | HP: 1/25 [poisoned by an adder]
  3103 | D:3      | Succumbed to an adder's poison

Vault maps used:
D:1:      minmay_arrival_diagonal_passages, serial_forest,
          infiniplex_forest_straight_5, infiniplex_forest_end_2,
          infiniplex_forest_clump_double, infiniplex_forest_clump_double,
          infiniplex_forest_corner_1, infiniplex_forest_lined_room_2,
          st_stairs_10
D:2:      nicolae_overflow_hidden_temple, uniq_jessica
D:3:      fiery_altar_vehumet, first_ration, uniq_natasha

Skill      XL: |  1  2  3  4 |
---------------+-------------+-----
Summonings     | 5 |  5.8
Axes           | 1 2 |  2.7
Fighting       | 1 |  1.0
Dodging        | |  2.2
Stealth        | |  2.0
Spellcasting   | |  2.2

Action                   |  1- 3 |  4- 6 || total
-------------------------+-------+-------++-------
Melee: Hand axe          |    92 |    36 ||   128
       Kick              |    19 |    11 ||    30
       Peck              |    11 |     7 ||    18
 Cast: Summon Small Mamm |     4 |       ||     4
       Call Imp          |     3 |     2 ||     5
       Call Canine Famil |     2 |     3 ||     5
  Use: Potion            |       |     1 ||     1
 Stab: Sleeping          |     5 |     2 ||     7
  Eat: Chunk             |     4 |     4 ||     8
Armor: Robe              |    24 |     5 ||    29
Dodge: Dodged            |    84 |    22 ||   106

Table legend:
 A = Non-vault XP
 B = Vault XP
 C = Vault XP percentage of total XP
 D = Non-vault monster count
 E = Vault monster count
 F = Vault count percentage of total count
                 A         B        C        D         E       F
            +---------+---------+-------+---------+---------+-------
      Total |     106 |      24 |  18.5 |      53 |       6 |  10.2
            +---------+---------+-------+---------+---------+-------
        D:1 |      33 |       5 |  13.2 |      23 |       5 |  17.9
        D:2 |      56 |      19 |  25.3 |      26 |       1 |   3.7
        D:3 |      17 |       0 |   0.0 |       4 |       0 |   0.0
            +---------+---------+-------+---------+---------+-------
